 Dungeon Crawl Stone Soup version 0.31.0-32-g396128a36d (webtiles) character file.

Game seed: 1156264919908525276

331 Doomgape the Changeling (level 6, -4/47 HPs)
             Began as a Merfolk Shapeshifter on Mar 10, 2024.
             Slain by an iguana (10 damage)
             ... on level 5 of the Dungeon.
             The game lasted 00:09:27 (3000 turns).

Doomgape the Changeling (Merfolk Shapeshifter)      Turns: 3000, Time: 00:09:27

Health: -4/47      AC:  4    Str: 17      XL:     6   Next: 52%
Magic:  6/6        EV: 14    Int:  9      God:
Gold:   264        SH:  0    Dex: 15 (19) Spells: 5/5 levels left

rFire   . .          .
                       - Unarmed
rCold   . . .        (no shield)
rNeg    . . .        r - +2 animal skin
rPois   .            (helmet currently unavailable)
rElec   .            (cloak currently unavailable)
rCorr   .            (gloves currently unavailable)
SInv    +            (boots currently unavailable)
Will    .....        (no amulet)
Stlth   +            o - ring of see invisible
HPRegen 0.27/turn    g - +6 ring of dexterity
MPRegen 0.10/turn

%: no passive effects
@: beast-form
A: beast (slay +3), (nimble swimmer 2), mertail
a: Begin Untransformation


You were on level 5 of the Dungeon.
You were a hulking beast.
You visited 1 branch of the dungeon, and saw 5 of its levels.

You collected 264 gold pieces.

Inventory:

Armour
 r - a +2 animal skin (worn)
 s - a +2 helmet
Jewellery
 f - a ring of flight
 g - a +6 ring of dexterity (right hand)
 o - a ring of see invisible (left hand)
Talismans
 c - a beast talisman
 d - a flux talisman
Wands
 n - a wand of paralysis (12)
 q - a wand of iceblast (13)
Scrolls
 h - a scroll of fog
 i - a scroll of vulnerability
 l - a scroll of revelation
 m - a scroll of enchant armour
 p - 2 scrolls of identify
Potions
 a - a potion of cancellation
 b - 2 potions of lignification
 e - 3 potions of curing
 j - a potion of brilliance
 k - a potion of attraction {unknown}
 t - a potion of berserk rage {unknown}
 v - a potion of mutation {unknown}


   Skills:
 + Level 3.4 Fighting
 + Level 4.8 Dodging
 + Level 4.8 Unarmed Combat
 + Level 5.6 Shapeshifting


You had 5 spell levels left.
You didn't know any spells.
Your spell library contained the following spells:

 Spells                   Type           Power      Damage    Failure   Level
 Call Imp                 Summ           0%         N/A       52%         2
 Ensorcelled Hibernation  Hex/Ice        0%         N/A       52%         2
 Sublimation of Blood     Necr           0%         N/A       52%         2
 Dazzling Flash           Conj/Hex       0%         N/A       77%         3
 Passwall                 Erth           0%         N/A       77%         3
 Swiftness                Air            0%         N/A       77%         3
 Volatile Blastmotes      Fire/Tloc      0%         2d10      77%         3
 Starburst                Conj/Fire      0%         6d3       100%        6
 Summon Hydra             Summ           0%         N/A       100%        7
 Maxwell's Capacitive Co  Air            0%         ∞         100%        8


Dungeon Overview and Level Annotations

Branches:
Dungeon (5/15)
 Temple: D:4-7

Altars:

Annotations:
D:4 SonOfAdam's ghost, amateur DjCj


Innate Abilities, Weirdness & Mutations

You are a hulking beast.
Your limbs bulge with bestial killing power. (Slay +3)
((You are very nimble when in or above water. (Stealth+, EV+, Speed+++)))
Your lower body shifts to a powerful aquatic tail in water.


Message History

Aim: a gnoll, wielding a +0 club (chance to affect: 57%)
The gnoll resists with significant effort.
The gnoll hits you with a +0 club.
Unknown command.
The gnoll attacks as it pursues you! The gnoll hits you with a +0 club.
The gnoll attacks as it pursues you! The gnoll misses you.
The gnoll attacks as it pursues you! The gnoll hits you with a +0 club.
The gnoll attacks as it pursues you! The gnoll hits you with a +0 club.
The gnoll attacks as it pursues you! The gnoll closely misses you.
There is a stone staircase leading down here.
You climb downwards.
Found a scroll of identify and a leather armour.
There is a stone staircase leading up here.
You punch the gnoll!
The gnoll is severely wounded.
The gnoll hits you with a +0 club.
* * * LOW HITPOINT WARNING * * *
You hit the gnoll.
You kill the gnoll!
Unknown command.
p - 2 scrolls of identify (gained 1)
Things that are here:
a +0 club; a gnoll corpse The ice beast attacks as it pursues you!
The ice beast hits you but does no damage.
Found a stone staircase leading down.
An iguana comes into view.
The iguana hisses angrily.
The iguana misses you.
Found 13 gold pieces.
The iguana bites you!
* * * LOW HITPOINT WARNING * * *
Unknown command.
The iguana attacks as it pursues you! The iguana closely misses you.
The iguana attacks as it pursues you! The iguana closely misses you.
You see here 13 gold pieces.
The iguana attacks as it pursues you! The iguana bites you.
* * * LOW HITPOINT WARNING * * *
The iguana attacks as it pursues you! The iguana closely misses you.
The iguana attacks as it pursues you! The iguana bites you!
You die...

# .. .##. ...#
##.## ##...##
########
###.....####.......
#.........$Y.#
.#..>..####.#######
##...## #..lh...#
##.######.#####.#
#..Y..)<..#
#..######..[....
#.## #.###... #.
... # ## ####


You could see an iguana.

Vanquished Creatures
  A scorpion (D:4)
  A howler monkey (D:4)
  A quasit (D:4)
  2 hounds (D:4)
  Robin (D:3)
  2 gnolls
  2 adders (D:3)
  A dart slug (D:1)
  A ribbon worm (D:3)
  3 orcs
  6 endoplasms
  5 giant cockroaches
  10 goblins
  11 hobgoblins
  15 jackals
  3 quokkas
  4 ball pythons
  5 bats
  6 frilled lizards
  A kobold (D:3)
  8 rats
89 creatures vanquished.

Notes
Turn   | Place    | Note
-------+----------+-------------------------------------------
     0 | D:1      | Doomgape the Merfolk Shapeshifter began the quest for the
                  | Orb.
     0 | D:1      | Reached XP level 1. HP: 15/15 MP: 1/1
    55 | D:1      | Reached XP level 2. HP: 20/21 MP: 2/2
   617 | D:1      | Reached XP level 3. HP: 24/27 MP: 3/3
  1007 | D:2      | Found a faded altar of an unknown god.
  1363 | D:3      | Reached XP level 4. HP: 12/33 MP: 4/4
  1481 | D:3      | Noticed Robin
  1535 | D:3      | Killed Robin
  2023 | D:3      | Reached XP level 5. HP: 21/39 MP: 5/5
  2490 | D:4      | Reached skill level 5 in Shapeshifting
  2558 | D:4      | Reached XP level 6. HP: 40/47 MP: 6/6
  2723 | D:4      | Found a transporter.
  2730 | D:4      | Noticed SonOfAdam's ghost (amateur DjCj)
  2745 | D:4      | Found a transporter.
  2981 | D:5      | Entered Level 5 of the Dungeon
  2981 | D:5      | Noticed an ice beast
  3000 | D:5      | Slain by an iguana

Illustrated notes

Levels and vault maps discovered:
D:1:      minmay_arrival_solitary_statue, layout_loops_ring
D:2:      layout_loops_cross, dreamdust_ecumenical_altar_statues
D:3:      layout_loops_ring, uniq_robin
D:4:      layout_loops_ring, grunt_temple_overflow_open,
          gammafunk_ghost_stat_death, hangedman_abyss_or_decor_stagger,
          minmay_manual_mess, uniq_crazy_yiuf_cottage
D:5:      layout_loops_ring, nzn_overflow_gifts_of_might_and_magic,
          minmay_manual_mares

Skill      XL: |  1  2  3  4  5 |
---------------+----------------+-----
Dodging        | 3 4 |  4.8
Fighting       | 2 3 |  3.4
Unarmed Combat | 4 |  4.8
Shapeshifting  | 5 |  5.6

Action                     |  1- 3 |  4- 6 || total
---------------------------+-------+-------++-------
  Melee: Unarmed           |    97 |   156 ||   253
         Punch             |     2 |     6 ||     8
  Evoke: Wand              |       |     2 ||     2
    Use: Potion            |       |     1 ||     1
         Scroll            |       |     9 ||     9
   Stab: Sleeping          |     2 |     1 ||     3
 Armour: Animal skin       |    38 |   116 ||   154
  Dodge: Dodged            |    56 |   133 ||   189
